 Dungeon Crawl Stone Soup version 0.28-a0-556-gab23d0e057 (webtiles) character file.

Game seed: 11986429631607246121

417 miscthings the Chopper (level 6, -1/56 HPs)
             Began as a Naga Fighter on Sept 28, 2021.
             Slain by Dowan (3 damage)
             ... on level 4 of the Dungeon.
             The game lasted 00:05:20 (2054 turns).

miscthings the Chopper (Naga Fighter)               Turns: 2054, Time: 00:05:20

Health: -1/56      AC:  8    Str: 17    XL:     6   Next: 92%
Magic:  6/6        EV:  7    Int:  8    God:
Gold:   157        SH:  4    Dex: 12    Spells: 5/5 levels left

rFire   . . .      SeeInvis +   q - +1 morningstar (vorpal)
rCold   . . .      Faith    .   c - +0 buckler
rNeg    . . .      Spirit   .   b - +0 scale mail
rPois   +          Reflect  .   t - +0 helmet
rElec   .          Harm     .   (no cloak)
rCorr   .          Rampage  .   (no gloves)
Will    +....                   (no barding)
Stlth   ..........              f - amulet of regeneration
HPRegen 1.18/turn               e - ring of willpower
MPRegen 0.10/turn               g - ring of flight

@: brilliant, short of breath, flying, very slow
A: AC +2, large, see invisible, deformed body, poison resistance, slowness 2,
spit poison 1, naga tail 1, iridescent scales 1, weak 1
a: Spit Poison


You were on level 4 of the Dungeon.
You visited 1 branch of the dungeon, and saw 4 of its levels.

You collected 157 gold pieces.

Inventory:

Hand Weapons
 a - a +0 war axe
 q - a +1 vorpal morningstar (weapon)
Missiles
 r - 11 poisoned darts
Armour
 b - a +0 scale mail (worn)
 c - a +0 buckler (worn)
 t - a +0 helmet (worn)
Magical Staves
 p - a staff of death
Jewellery
 e - a ring of willpower (left hand)
 f - an amulet of regeneration (around neck)
 g - a ring of flight (right hand)
Scrolls
 d - a scroll of amnesia {unknown}
 h - a scroll of fog {unknown}
 i - a scroll of identify {@r1}
 j - a scroll of fear
 l - a scroll of enchant armour {unknown}
 m - 2 scrolls of immolation {unknown}
 n - a scroll of noise {unknown}


   Skills:
 - Level 3.0 Fighting
 - Level 6.5(6.8) Axes
 + Level 2.7(5.0) Maces & Flails
 - Level 2.4 Armour
 - Level 2.4 Shields


You had 5 spell levels left.
You didn't know any spells.
Your spell library contained the following spells:

 Spells                   Type           Power      Damage    Failure   Level
 Fulminant Prism          Conj/Hex       0%         3d6       100%        4
 Iskenderun's Mystic Bla  Conj/Tloc      0%         2d3       100%        4
 Lee's Rapid Deconstruct  Erth           0%         3d5*      100%        5


Dungeon Overview and Level Annotations

Branches:
Dungeon (4/15)
 Temple: D:4-7

Altars:
Cheibriados
Fedhas
Ru
Sif Muna
Trog
Vehumet

Annotations:
D:4 Dowan, Duvessa


Innate Abilities, Weirdness & Mutations

Your serpentine skin is tough. (AC +2)
You have supernaturally acute eyesight. (SInv)
Armour fits poorly on your strangely shaped body.
Your system is resistant to poisons. (rPois)
You cover ground very slowly.
You can spit poison.
You have a snake-like lower body.
You are partially covered in iridescent scales. (AC +2)
You are weak. (Str -2)


Message History

Duvessa is no longer moving quickly.
Duvessa hits you with a +2 short sword of protection.
Duvessa hits you but does no damage.
You barely miss Duvessa.
Duvessa is moderately wounded.
You block Duvessa's attack. Dowan closely misses you.
Duvessa hits you with a +2 short sword of protection.
You barely miss Duvessa.
Duvessa is moderately wounded.
Dowan says, "Magic and the sword, together, will defeat you."
Dowan hits you with a +0 dagger. Duvessa hits you but does no damage.
You puncture Duvessa!
Duvessa is heavily wounded.
You have got your breath back.
Duvessa looks more healthy.
Dowan hits you with a +0 dagger.
Duvessa hits you with a +2 short sword of protection.
* * * LOW HITPOINT WARNING * * *
You block Dowan's attack.
Abil: Spit Poison
Press: ? - help, Q - select action, (/) - cycle Shift-Dir - straight line, f/p - Duvessa
Aim: Duvessa, wielding a +2 short sword of protection and wearing a +0 ring mail (heavily wounded)
The splash of poison hits Duvessa but does no damage.
Duvessa is poisoned.
Duvessa is heavily wounded.
Duvessa yells, "You can run, but you cannot escape us forever!"
Duvessa hits you with a +2 short sword of protection.
* * * LOW HITPOINT WARNING * * *
Dowan's robes are whipped around by a magical breeze.
You block Dowan's attack.
Duvessa says, "When magic and the sword combine, nothing stands against them."
Duvessa says, "I don't care about looks, I care about technique!"
Duvessa hits you with a +2 short sword of protection!
* * * LOW HITPOINT WARNING * * *
There is a snail-covered altar of Cheibriados, spattered with blood here.
You aren't carrying any potions.
As you read the scroll labelled JANYZU SAIT, it crumbles to dust.
It is a scroll of identify.
j - a scroll of fear Dowan hits you with a +0 dagger.
You die...

#.....#....... #..
#####.....(# ###.. #..
#..........###.#.#####
### ##..e.....#.#.#...#
# #...#.......#.#...# #
##.####.#.#.#.#...#####
#......)#.....'........
#.###.e....#...#....###.
#.# #.e@...#####....# #.
#.# #..8_..# ##.#.# #.
#.# #.._...# #.#.# .. ##
#......# #.#+# #.
####<..# ... #. #...#
... ## ###.# ..


You could see Duvessa (poisoned) and Dowan.

Vanquished Creatures
  2 ice beasts
  An ogre (D:3)
  A hound skeleton (D:4)
  Robin (D:4)
  5 adders
  An ufetubus (D:4)
  2 worms (D:2)
  A dart slug (D:3)
  4 orcs (D:3)
  4 ball pythons
  8 endoplasms
  A giant cockroach (D:3)
  6 hobgoblins
  4 kobolds
  5 quokkas
  8 bats
  2 frilled lizards (D:3)
  9 goblins
  5 rats
70 creatures vanquished.

Notes
Turn   | Place    | Note
-------+----------+-------------------------------------------
     0 | D:1      | miscthings the Naga Fighter began the quest for the Orb.
     0 | D:1      | Reached XP level 1. HP: 21/21 MP: 1/1
   152 | D:1      | Reached XP level 2. HP: 20/28 MP: 2/2
   271 | D:1      | Reached skill level 3 in Axes
   556 | D:2      | Found a faded altar of an unknown god.
   570 | D:2      | Reached XP level 3. HP: 34/34 MP: 3/3
   735 | D:2      | Reached skill level 4 in Axes
   956 | D:2      | You are sucked into a shaft and drop 1 floor!
   972 | D:3      | Reached XP level 4. HP: 42/42 MP: 4/4
  1006 | D:3      | Found a shimmering blue altar of Sif Muna.
  1006 | D:3      | Found a blossoming altar of Fedhas.
  1050 | D:3      | Noticed an ice beast
  1059 | D:3      | Gained mutation: You are weak. (Str -2) [potion of
                  | mutation]
  1059 | D:3      | Gained mutation: You are very weak. (Str -4) [potion of
                  | mutation]
  1070 | D:3      | Killed an ice beast
  1071 | D:3      | Reached skill level 5 in Axes
  1071 | D:3      | Reached XP level 5. HP: 17/49 MP: 5/5
  1109 | D:3      | Lost mutation: You are very weak. (Str -4) [potion of
                  | mutation]
  1109 | D:3      | Gained mutation: You are partially covered in iridescent
                  | scales. (AC +2) [potion of mutation]
  1397 | D:3      | Found a sacrificial altar of Ru.
  1421 | D:3      | Noticed an ogre
  1429 | D:3      | Killed an ogre
  1430 | D:3      | Reached skill level 6 in Axes
  1430 | D:3      | Reached XP level 6. HP: 7/56 MP: 6/6
  1898 | D:4      | Noticed Robin
  1912 | D:4      | Killed Robin
  1913 | D:4      | Reached skill level 1 in Maces & Flails
  1995 | D:4      | Found a snail-covered altar of Cheibriados.
  1995 | D:4      | Noticed an ice beast
  2003 | D:4      | Killed an ice beast
  2004 | D:4      | Found a radiant altar of Vehumet.
  2004 | D:4      | Found a bloodstained altar of Trog.
  2026 | D:4      | Noticed Duvessa
  2026 | D:4      | Noticed Dowan
  2053 | D:4      | HP: 1/56 [Duvessa (10)]
  2054 | D:4      | Slain by Dowan

Illustrated notes

Levels and vault maps discovered:
D:1:      dpeg_arrival_simpleton_b, layout_basic
D:2:      layout_basic, ebering_ecumenical_altar_sacrificial,
          minmay_quadrilaterals
D:3:      layout_basic, nicolae_ru_great_annihilating_truth,
          grunt_temple_overflow_open
D:4:      layout_basic, chequers_temple_overflow_statue_of_worship,
          kennysheep_generic_room_6, uniq_duvessa, uniq_robin

Skill      XL: |  1  2  3  4  5  6 |
---------------+-------------------+-----
Axes           | 3 4 5 6 |  6.5
Maces & Flails | 2 |  2.7
Fighting       | |  3.0
Armour         | |  2.4
Shields        | |  2.4

Action                   |  1- 3 |  4- 6 || total
-------------------------+-------+-------++-------
Melee: War axe           |    86 |    89 ||   175
       Morningstar       |       |    28 ||    28
Throw: Dart              |       |     5 ||     5
 Abil: Spit Poison       |     6 |    15 ||    21
  Use: Potion            |       |     5 ||     5
       Scroll            |       |     1 ||     1
 Stab: Invisible         |       |     1 ||     1
       Paralysed         |       |     1 ||     1
Armor: Scale mail        |    36 |    86 ||   122
Dodge: Dodged            |    34 |    33 ||    67
Block: Buckler           |    23 |    37 ||    60

Table legend: (Time is in decaauts)
 A = Elapsed time spent in this place.
 B = Non-inter-level travel time spent in this place.
 C = Inter-level travel time spent in this place.
 D = Time resting spent in this place.
 E = Time spent auto-exploring this place.
 F = Levels seen in this place.
 G = Mean time per level.
                   A        B        C        D        E       F      G
               +--------+--------+--------+--------+--------+-----+--------+
         Total |   2776 |   2650 |    126 |     65 |   1888 |   4 |  694.0 |
       Dungeon |   2776 |   2650 |    126 |     65 |   1888 |   4 |  694.0 |
               +--------+--------+--------+--------+--------+-----+--------+

Top non-repeatable levels by time:
     D:3: 1238 daAuts
     D:1: 762 daAuts
     D:2: 545 daAuts
     D:4: 229 daAuts
